[Event "ICC tourney 2150 (70 10)"]
[Site "Internet Chess Club"]
[Date "2020.11.21"]
[Round "1"]
[White "yogokings12"]
[Black "cprovince"]
[Result "0-1"]
[ICCResult "White resigns"]
[WhiteElo "1662"]
[BlackElo "1910"]
[Opening "French: Winawer, advance variation"]
[ECO "C16"]
[NIC "FR.09"]
[Time "12:42:11"]
[TimeControl "4200+10"]

1. e4 e6 2. d4 d5 3. Nc3 Bb4 4. e5 Ne7 5. Qg4 Ng6 6. Nf3 c5 7. a3 Bxc3+ 8.
bxc3 Nc6 9. h4 h5 10. Qg3 Qa5 11. Bd2 c4 12. Be2 Nce7 13. Ng5 Nf5 14. Qf3 f6
15. exf6 gxf6 16. Nh3 Ngxh4 {White resigns} 0-1

[Event "ICC tourney 2150 (70 10)"]
[Site "Internet Chess Club"]
[Date "2020.11.21"]
[Round "1"]
[White "Priyadarsi"]
[Black "NL008"]
[Result "1/2-1/2"]
[ICCResult "Game drawn by repetition"]
[WhiteElo "1395"]
[BlackElo "1395"]
[Opening "Ruy Lopez: Berlin defense, open variation"]
[ECO "C67"]
[NIC "RL.07"]
[Time "12:42:42"]
[TimeControl "4200+10"]

1. e4 e5 2. Nf3 Nc6 3. Bb5 Nf6 4. O-O Nxe4 5. Re1 Nd6 6. Nxe5 Be7 7. Bxc6
dxc6 8. d4 O-O 9. Bf4 Bf5 10. Nd2 Bf6 11. c3 Re8 12. Qf3 a6 13. Ndc4 Nxc4
14. Nxc4 Be6 15. Ne5 Bd5 16. Qd3 Bxe5 17. Bxe5 Qd7 18. Qg3 f6 19. Bxf6 Bxa2
20. Be5 Bd5 21. Bxc7 Rac8 22. Be5 c5 23. Rad1 Qf7 24. h3 cxd4 25. Bxd4 g6
26. Re5 Rxe5 27. Qxe5 Qe6 28. Qh8+ Kf7 29. Qxh7+ Kf8 30. Qg7+ Ke8 31. Rd3
Qf7 32. Re3+ Kd7 33. Qe5 Re8 34. Qxe8+ Qxe8 35. Rxe8 Kxe8 36. f4 Be6 37. Kf2
Kd7 38. g4 Kc6 39. Ke3 Kd5 40. Kd3 b5 41. Bb6 Kc6 42. Ba5 Kd5 43. b3 Bd7 44.
Bb6 Be6 45. c4+ bxc4+ 46. bxc4+ Kc6 47. Bd8 Kc5 48. Kc3 Bxc4 49. f5 gxf5 50.
gxf5 Bf7 51. h4 Kd5 52. Bg5 a5 53. f6 Ke5 54. Kb2 a4 55. Ka3 Be8 56. Kb4 Kf5
57. Ka3 Kg6 58. Kb4 Kh7 59. Bc1 Kg6 60. Bg5 Kh5 61. Ka3 Kg6 62. Kb4 Kh5 63.
Ka3 Kg6 64. Kb4 Kh5 65. Ka3 Kg6 66. Kb4 {Game drawn by repetition} 1/2-1/2

[Event "ICC tourney 2150 (70 10)"]
[Site "Internet Chess Club"]
[Date "2020.11.21"]
[Round "1"]
[White "oregonchessguy"]
[Black "Wushukyle"]
[Result "1-0"]
[ICCResult "Black checkmated"]
[WhiteElo "1802"]
[BlackElo "1658"]
[Opening "Petrov: modern attack, Symmetrical variation"]
[ECO "C43"]
[NIC "RG.02"]
[Time "12:42:09"]
[TimeControl "4200+10"]

1. e4 e5 2. Nf3 Nf6 3. d4 Nxe4 4. Bd3 d5 5. Nxe5 Bd6 6. O-O O-O 7. c4 c6 8.
cxd5 cxd5 9. Nc3 Nd7 10. Nxe4 dxe4 11. Bxe4 Nxe5 12. dxe5 Bxe5 13. Bxh7+
Kxh7 14. Qh5+ Kg8 15. Qxe5 Re8 16. Qg3 Qb6 17. b3 Bd7 18. Be3 Qa6 19. Rad1
Bb5 20. Rd6 Bxf1 21. Rxa6 Bxa6 22. h4 Re6 23. h5 Be2 24. Bd4 g6 25. hxg6
fxg6 26. Qh3 Ree8 27. Qh8+ Kf7 28. Qf6+ Kg8 29. Qg7# {Black checkmated} 1-0

[Event "ICC tourney 2150 (70 10)"]
[Site "Internet Chess Club"]
[Date "2020.11.21"]
[Round "1"]
[White "VinG"]
[Black "RasulNazriev"]
[Result "1-0"]
[ICCResult "Black resigns"]
[WhiteElo "1478"]
[BlackElo "1312"]
[Opening "Sicilian defense"]
[ECO "B30"]
[NIC "SI.31"]
[Time "12:42:08"]
[TimeControl "4200+10"]

1. e4 c5 2. Nf3 Nc6 3. c3 d5 4. exd5 Qxd5 5. Be2 Bg4 6. Qb3 Qxb3 7. axb3 Nf6
8. h3 Bh5 9. g4 Bg6 10. Bb5 Be4 11. Ke2 Nd7 12. d3 a6 13. dxe4 e6 14. Bxc6
bxc6 15. Nfd2 h5 16. Rg1 hxg4 17. hxg4 Ne5 18. Nf3 Bd6 19. Nxe5 Bxe5 20. Nd2
Ke7 21. Nc4 Bc7 22. Be3 Rhb8 23. Bxc5+ Kd7 24. Rgd1+ Ke8 25. b4 f6 26. Nd6+
Bxd6 27. Rxd6 Kf7 28. Rxc6 a5 29. Bd6 axb4 30. Rxa8 Rxa8 31. Bxb4 e5 32. Ba3
Rh8 33. c4 Rh4 34. f3 Rh2+ 35. Ke3 Rc2 36. c5 Kg6 37. Rd6 Kg5 38. Rd3 g6 39.
Rc3 Rh2 40. c6 Rh8 41. c7 Rc8 42. b4 f5 43. gxf5 gxf5 44. exf5 Kxf5 45. b5
Ke6 46. b6 e4 47. fxe4 Ke5 48. b7 Rg8 49. b8=Q Rxb8 50. cxb8=Q+ Ke6 51. Qd6+
Kf7 52. Rc7+ {Black resigns} 1-0

[Event "ICC tourney 2150 (70 10)"]
[Site "Internet Chess Club"]
[Date "2020.11.21"]
[Round "1"]
[White "pierrehj"]
[Black "castle2king"]
[Result "0-1"]
[ICCResult "White resigns"]
[WhiteElo "1318"]
[BlackElo "1570"]
[Opening "King's Indian, 3.Nf3"]
[ECO "E90"]
[NIC "KI.20"]
[Time "12:42:29"]
[TimeControl "4200+10"]

1. d4 Nf6 2. Nf3 g6 3. c4 Bg7 4. Nc3 O-O 5. e4 d6 6. h3 e5 7. dxe5 dxe5 8.
Bg5 Qe8 9. Bxf6 Bxf6 10. Nd5 Bd8 11. Be2 c6 12. Nc3 Bf6 13. Rc1 Na6 14. O-O
Bg7 15. Re1 f5 16. exf5 Bxf5 17. a3 Nc5 18. Bf1 Rd8 19. Qe2 Nd3 20. Ne4 Nxc1
21. Rxc1 Bxe4 22. Qxe4 Qe6 23. c5 Qf5 24. Bc4+ Kh8 25. Qxf5 gxf5 26. Re1 e4
27. Ng5 Rd7 28. Re2 Be5 29. g3 h6 30. Ne6 Re8 31. f3 Rde7 32. Nf4 Bxf4 33.
gxf4 exf3 34. Rxe7 Rxe7 35. Kf2 Re4 36. Bb3 Rxf4 37. Kg3 f2 {White resigns}
0-1

[Event "ICC tourney 2150 (70 10)"]
[Site "Internet Chess Club"]
[Date "2020.11.21"]
[Round "1"]
[White "MacAndSneeze"]
[Black "wahoo"]
[Result "1-0"]
[ICCResult "Black checkmated"]
[WhiteElo "1595"]
[BlackElo "1617"]
[Opening "Scotch: Potter variation"]
[ECO "C45"]
[NIC "SO.05"]
[Time "12:42:03"]
[TimeControl "4200+10"]

1. e4 e5 2. Nf3 Nc6 3. d4 exd4 4. Nxd4 Bc5 5. Nb3 Bb6 6. Nc3 Nf6 7. Bg5 d6
8. Qe2 h6 9. Bh4 g5 10. Bg3 Qe7 11. O-O-O Bd7 12. f3 O-O-O 13. Nb5 a6 14.
Nxd6+ cxd6 15. Bxd6 Qe6 16. Qxa6 Bc7 17. Qa8+ Nb8 18. Nc5 Bc6 19. Nxe6 fxe6
20. Bxc7 Rxd1+ 21. Kxd1 Kxc7 22. Qa5+ b6 23. Qe5+ Kc8 24. Qxf6 Rd8+ 25. Bd3
Ba4 26. Qxe6+ Kb7 27. b3 Bb5 28. Qxh6 Bxd3 29. cxd3 Rxd3+ 30. Kc2 Re3 31.
Qxg5 Re2+ 32. Kb1 Nc6 33. Qd5 Kc7 34. Rc1 Kb7 35. Qxc6+ Ka7 36. Qa4+ Kb7 37.
Rc7+ Kxc7 38. Qc4+ Kb7 39. Qxe2 Kc6 40. h4 Kc5 41. h5 Kb4 42. h6 b5 43. h7
Ka3 44. h8=Q Kb4 45. Qf8+ Kc3 46. Qc5# {Black checkmated} 1-0

[Event "ICC tourney 2150 (70 10)"]
[Site "Internet Chess Club"]
[Date "2020.11.21"]
[Round "1"]
[White "steve-patterson"]
[Black "KyleZhuang"]
[Result "1-0"]
[ICCResult "Black resigns"]
[WhiteElo "1635"]
[BlackElo "1583"]
[Opening "King's Indian: East Indian defense"]
[ECO "A48"]
[NIC "QP.06"]
[Time "12:42:14"]
[TimeControl "4200+10"]

1. Nf3 Nf6 2. d4 g6 3. h4 Bg7 4. Bg5 h5 5. Nc3 d5 6. Bxf6 Bxf6 7. Qd2 Bg4 8.
e3 Nc6 9. a3 Qd7 10. Bd3 O-O-O 11. b4 Bxf3 12. gxf3 e5 13. dxe5 Bxe5 14. Rb1
d4 15. Ne4 f5 16. Nc5 Qe7 17. e4 Bd6 18. Kf1 Ne5 19. Rh3 Bxc5 20. bxc5 Qxc5
21. Rb5 Qe7 22. exf5 a6 23. Rb3 Qf6 24. fxg6 Nxf3 25. Qb4 Qc6 26. Bf5+ Kb8
27. Rhxf3 Rhf8 28. Bd7 Qe4 29. Rxf8 {Black resigns} 1-0

[Event "ICC tourney 2150 (70 10)"]
[Site "Internet Chess Club"]
[Date "2020.11.21"]
[Round "1"]
[White "erumaimadugod"]
[Black "pari538"]
[Result "1-0"]
[ICCResult "Black checkmated"]
[WhiteElo "1797"]
[BlackElo "1593"]
[Opening "Hungarian defense"]
[ECO "C50"]
[NIC "IG.03"]
[Time "12:42:05"]
[TimeControl "4200+10"]

1. e4 e5 2. Nf3 Nc6 3. Bc4 Be7 4. O-O Nf6 5. Re1 d6 6. h3 O-O 7. c3 Re8 8.
d4 exd4 9. cxd4 d5 10. Bb5 dxe4 11. Ne5 Bd7 12. Nxd7 Qxd7 13. Nc3 Bb4 14. d5
Bxc3 15. dxc6 bxc6 16. Bxc6 Qxc6 17. bxc3 Qxc3 18. Be3 Red8 19. Qa4 Qe5 20.
Rac1 a6 21. Rc4 Qb5 22. Qc2 Qa5 23. Rb1 Rac8 24. Rc1 Qe5 25. Bb6 e3 26. Bxc7
exf2+ 27. Kf1 Rxc7 28. Rxc7 Nd5 29. Rc8 Ne3+ 30. Kxf2 Qf4+ 31. Kg1 Qd4 32.
Rxd8+ Qxd8 33. Qc8 Qf8 34. Qxf8+ Kxf8 35. Rc8+ Ke7 36. Ra8 Nd5 37. Rxa6 Nb4
38. Ra7+ Kf6 39. a4 Kg6 40. a5 f6 41. Rb7 Nd3 42. a6 Nc5 43. Rb6 Nxa6 44.
Rxa6 Kf7 45. Kf2 Kg6 46. Kf3 Kg5 47. Ra5+ f5 48. Kg3 g6 49. Ra7 h6 50. Ra6
h5 51. h4+ Kh6 52. Kf4 Kg7 53. Kg5 Kf7 54. Rxg6 f4 55. Rf6+ Kg7 56. Rxf4 Kh7
57. Kxh5 Kg7 58. Kg5 Kh8 59. Rf7 Kg8 60. Ra7 Kf8 61. Kg6 Ke8 62. Kf6 Kd8 63.
h5 Ke8 64. h6 Kd8 65. h7 Kc8 66. h8=R# {Black checkmated} 1-0

[Event "ICC tourney 2150 (70 10)"]
[Site "Internet Chess Club"]
[Date "2020.11.21"]
[Round "1"]
[White "blueocean07"]
[Black "IsaiahS"]
[Result "0-1"]
[ICCResult "White checkmated"]
[WhiteElo "1304"]
[BlackElo "1490"]
[Opening "Queen's gambit declined"]
[ECO "D30"]
[NIC "QP.08"]
[Time "12:42:05"]
[TimeControl "4200+10"]

1. d4 d5 2. c4 e6 3. cxd5 exd5 4. Nc3 Bb4 5. Bf4 Nf6 6. Nf3 O-O 7. e3 Bf5 8.
Qb3 Nc6 9. Bb5 Bd7 10. O-O Bxc3 11. Qxc3 Ne4 12. Qb3 Be8 13. Rac1 a6 14. Bd3
b5 15. Rc2 Na5 16. Qa3 Nc4 17. Qb4 a5 18. Qb3 c6 19. a4 Rc8 20. axb5 cxb5
21. Qa2 a4 22. Ne5 Ned6 23. Nxc4 Nxc4 24. Ra1 Bc6 25. b3 axb3 26. Qxb3 Ra8
27. Rca2 Qd7 28. Qc2 h6 29. Bf5 Qb7 30. Qe2 Rxa2 31. Rxa2 Ra8 32. h3 Rxa2
33. Qxa2 b4 34. Bc2 Nd2 35. Bd3 Ne4 36. Qa5 f6 37. f3 Ng5 38. Bd6 b3 39.
Qd8+ Kf7 40. Qf8+ Ke6 41. f4 Ne4 42. Be2 Nxd6 43. Bg4+ f5 44. Qg8+ Qf7 45.
Qb8 fxg4 46. Qxb3 gxh3 47. gxh3 Ne4 48. Qb6 Qg6+ 49. Kh1 Kf7 50. f5 Qg3 51.
Qa7+ Kg8 52. f6 Nf2# {White checkmated} 0-1

[Event "ICC tourney 2150 (70 10)"]
[Site "Internet Chess Club"]
[Date "2020.11.21"]
[Round "1"]
[White "Deng18"]
[Black "kip1981"]
[Result "1-0"]
[ICCResult "Black resigns"]
[WhiteElo "1448"]
[BlackElo "1288"]
[Opening "Sicilian: Kan, 5.Nc3"]
[ECO "B43"]
[NIC "SI.41"]
[Time "12:42:09"]
[TimeControl "4200+10"]

1. e4 c5 2. Nf3 e6 3. d4 cxd4 4. Nxd4 a6 5. Nc3 Qc7 6. Be3 Nf6 7. a3 Be7 8.
Be2 O-O 9. O-O b5 10. h3 Bb7 11. Bf3 d6 12. Re1 Nbd7 13. Nde2 Ne5 14. Ng3
Rfd8 15. Bd4 Nc4 16. Rb1 e5 17. Be3 Nxa3 18. bxa3 Qxc3 19. Rb3 Qc7 20. Bd2
d5 21. Rc3 Qd7 22. exd5 Nxd5 23. Rd3 f6 24. Ba5 Qc6 25. Bxd8 Rxd8 26. Nf5
Bc5 27. Qd2 g6 28. Ng3 Kf7 29. Rd1 Ke6 30. Qe1 Qb6 31. Qd2 Qc6 32. Ne4 Bd4
33. Nc3 Bxc3 34. Rxc3 Nxc3 35. Qxd8 e4 36. Qg8+ Ke5 37. Qb8+ Ke6 38. Re1 Kf7
39. Be2 Qd5 40. Qc7+ Ke6 41. Qxc3 {Black resigns} 1-0

[Event "ICC tourney 2150 (70 10)"]
[Site "Internet Chess Club"]
[Date "2020.11.21"]
[Round "1"]
[White "goodcrowdchess"]
[Black "moneymo"]
[Result "0-1"]
[ICCResult "White resigns"]
[WhiteElo "1671"]
[BlackElo "1385"]
[Opening "Sicilian: Labourdonnais-Löwenthal (Kalashnikov) variation"]
[ECO "B32"]
[NIC "SI.32"]
[Time "12:42:07"]
[TimeControl "4200+10"]

1. e4 c5 2. Nf3 Nc6 3. d4 cxd4 4. Nxd4 e5 5. Nb5 d6 6. N1c3 a6 7. Na3 b5 8.
Nd5 Nf6 9. Bg5 Be7 10. Bxf6 Bxf6 11. c4 b4 12. Nc2 a5 13. g3 Bg5 14. Bg2 O-O
15. O-O Be6 16. Nde3 g6 17. Qd3 Qb6 18. b3 Rad8 19. Rad1 f5 20. Bh3 Ne7 21.
f4 exf4 22. gxf4 Bf6 23. Kh1 Kh8 24. exf5 Bc8 25. Nd5 Nxd5 26. cxd5 Ba6 27.
Qg3 Bxf1 28. Rxf1 Qc5 29. Qd3 Rc8 30. Ne1 Qc3 31. fxg6 Qxd3 32. Nxd3 Rc3 33.
Bf5 hxg6 34. Bxg6 Rg8 35. Bf5 Bd4 36. Ne1 Rf8 37. Bd3 Be3 38. f5 Rf6 39. Rf3
Bd4 40. Nc2 Be5 41. Kg2 Rh6 42. h3 Kg7 43. Kf2 Rh4 44. Ke2 Kh6 45. Ne3 Rd4
46. Bc4 Kg5 47. Ng4 Bf4 48. Rd3 Re4+ 49. Kf3 Rexc4 50. Ke2 Re4+ {White
resigns} 0-1

[Event "ICC tourney 2150 (70 10)"]
[Site "Internet Chess Club"]
[Date "2020.11.21"]
[Round "1"]
[White "pangpangba"]
[Black "Coolio9000"]
[Result "0-1"]
[ICCResult "White resigns"]
[WhiteElo "1633"]
[BlackElo "1800"]
[Opening "Sicilian: accelerated fianchetto, modern variation with Bc4"]
[ECO "B35"]
[NIC "SI.33"]
[Time "12:42:01"]
[TimeControl "4200+10"]

1. e4 c5 2. Nf3 g6 3. d4 cxd4 4. Nxd4 Nc6 5. Nc3 Bg7 6. Be3 Nf6 7. Bc4 Qa5
8. Qd2 Qb4 9. Bb3 Nxe4 10. Nxc6 bxc6 11. Nxe4 Qxe4 12. f3 Qe5 13. c3 Bh6 14.
Kf2 Bxe3+ 15. Qxe3 Qxe3+ 16. Kxe3 O-O 17. Bc4 e5 18. Bb3 d5 19. c4 d4+ 20.
Kd2 c5 21. Rae1 Re8 22. Re2 Bb7 23. Rhe1 f6 24. Bc2 Re7 25. Be4 Bxe4 26.
fxe4 a5 27. Rf2 Kg7 28. Ref1 Re6 29. g4 a4 30. h4 Rb8 31. Kd3 Reb6 32. Rb1
h5 33. gxh5 gxh5 34. Rg1+ Kf7 35. Rgg2 R6b7 36. Rh2 Rg8 37. Rhg2 Rbb8 38.
Re2 Rxg2 39. Rxg2 Rg8 40. Rxg8 Kxg8 41. b3 axb3 42. a4 Kf7 43. a5 f5 44. a6
fxe4+ 45. Ke2 b2 46. a7 b1=Q 47. a8=Q Qd3+ 48. Ke1 Qxc4 49. Qb7+ Kf6 50.
Qc6+ Kf5 51. Qd7+ Kf4 52. Qg7 Qc1+ 53. Ke2 d3+ 54. Kf2 Qe3+ 55. Kg2 Qe2+ 56.
Kh1 Qf3+ 57. Kh2 Qf2+ 58. Kh3 Qf3+ 59. Kh2 Ke3 60. Qe7 Ke2 61. Qxe5 d2 62.
Qd5 Qf4+ 63. Kg2 Qg4+ 64. Kh2 Qxh4+ 65. Kg2 Qh1+ 66. Kg3 h4+ 67. Kg4 Qf3+
68. Kxh4 d1=Q 69. Qc4+ Qdd3 70. Qa2+ Ke3 {White resigns} 0-1

[Event "ICC tourney 2150 (70 10)"]
[Site "Internet Chess Club"]
[Date "2020.11.21"]
[Round "1"]
[White "tidalwave09"]
[Black "sushivishwa"]
[Result "0-1"]
[ICCResult "White resigns"]
[WhiteElo "1416"]
[BlackElo "1820"]
[Opening "QGD: exchange, positional line"]
[ECO "D35"]
[NIC "QO.16"]
[Time "12:42:10"]
[TimeControl "4200+10"]

1. d4 d5 2. c4 e6 3. Nc3 Nf6 4. cxd5 exd5 5. Bg5 Nbd7 6. e3 c6 7. Bd3 Be7 8.
Nf3 Nf8 9. O-O Ne6 10. Bh4 g6 11. Rb1 O-O 12. b4 Ng7 13. a4 Bf5 14. Ne5 Bxd3
15. Qxd3 Ne4 16. Bxe7 Qxe7 17. Nxe4 dxe4 18. Qc3 Ne6 19. b5 f6 20. Nc4 Rac8
21. Qb3 c5 22. Nd2 f5 23. d5 Ng7 24. d6+ Qf7 25. Nc4 Rcd8 26. Rfd1 Ne8 27.
Rd2 Nf6 28. Rbd1 Kg7 29. Qc3 Qe6 30. d7 Rf7 31. Ne5 Re7 32. Nc6 bxc6 33.
bxc6 Qxc6 34. Rd6 Rexd7 35. Qxf6+ Kh6 36. Rxd7 Rxd7 37. Qf8+ Kh5 38. g4+
fxg4 39. Rf1 Qd6 40. Qa8 Qd5 41. Qf8 Rf7 42. Qb8 Qb7 43. Qe5+ Rf5 44. Qg3
Qd5 45. h3 gxh3 46. Kh1 Rf3 47. Qc7 Kh6 48. Qe7 Qh5 49. Qxe4 h2 50. Qe6 Rf5
51. Qc6 Rd5 52. Qf6 Rf5 53. Qc6 c4 54. Qe4 c3 55. Qg2 c2 56. Qxh2 Qxh2+ 57.
Kxh2 Rxf2+ {White resigns} 0-1

[Event "ICC tourney 2150 (70 10)"]
[Site "Internet Chess Club"]
[Date "2020.11.21"]
[Round "1"]
[White "SerenaE"]
[Black "fridanavys1"]
[Result "1-0"]
[ICCResult "Black checkmated"]
[WhiteElo "1650"]
[BlackElo "1352"]
[Opening "Robatsch defense"]
[ECO "B72"]
[NIC "KF.05"]
[Time "12:42:03"]
[TimeControl "4200+10"]

1. e4 g6 2. d4 Bg7 3. Nc3 c5 4. Nf3 cxd4 5. Nxd4 Nc6 6. Be3 d6 7. Be2 Nf6 8.
f3 O-O 9. O-O Nd7 10. Ncb5 a6 11. Na3 Qc7 12. Qd2 Nde5 13. c4 Bd7 14. Rac1
Rac8 15. Rfd1 Nxd4 16. Bxd4 Bc6 17. Nb5 axb5 18. cxb5 Qb8 19. bxc6 Rxc6 20.
Bb5 Rxc1 21. Rxc1 Rc8 22. Kf1 Nxf3 23. Rxc8+ Qxc8 24. gxf3 Qh3+ 25. Ke2
Qxh2+ 26. Bf2 Qe5 27. a4 Qxb2 28. Qxb2 Bxb2 29. Bd7 Bc3 30. Bc8 Ba5 31. Bxb7
g5 32. Be1 Bb6 33. a5 Bxa5 34. Bxa5 f6 35. Bd8 Kf7 36. Bd5+ Ke8 37. Ba5 Kd7
38. Kf2 e6 39. Bc4 h5 40. Kg3 f5 41. exf5 exf5 42. Bd2 f4+ 43. Kh3 Ke7 44.
Bd3 Kf6 45. Bc3+ Kf7 46. Bb4 d5 47. Bc3 g4+ 48. fxg4 hxg4+ 49. Kxg4 Ke6 50.
Kxf4 d4 51. Bxd4 Kd5 52. Be5 Kc5 53. Ke4 Kc6 54. Kd4 Kd7 55. Kd5 Ke7 56. Bf5
Kf7 57. Kd6 Kf8 58. Bg6 Kg8 59. Ke6 Kf8 60. Kf6 Kg8 61. Bf4 Kf8 62. Bd6+ Kg8
63. Bf7+ Kh7 64. Bg6+ Kh8 65. Bf5 Kg8 66. Kg6 Kh8 67. Bc5 Kg8 68. Be6+ Kh8
69. Bd4# {Black checkmated} 1-0

[Event "ICC tourney 2150 (70 10)"]
[Site "Internet Chess Club"]
[Date "2020.11.21"]
[Round "1"]
[White "Lowish-Monkey"]
[Black "tigertiger2019"]
[Result "1-0"]
[ICCResult "Black checkmated"]
[WhiteElo "1620"]
[BlackElo "1671"]
[Opening "Sicilian: Najdorf, Opocensky variation"]
[ECO "B92"]
[NIC "SI.11"]
[Time "12:42:13"]
[TimeControl "4200+10"]

1. e4 c5 2. Nf3 d6 3. d4 cxd4 4. Nxd4 Nf6 5. Nc3 a6 6. Be2 e5 7. Nb3 Be7 8.
O-O O-O 9. Kh1 Be6 10. f4 exf4 11. Bxf4 Nc6 12. Qe1 Ne5 13. Rd1 Qb6 14. Qg3
Kh8 15. Bxe5 dxe5 16. Qxe5 Rad8 17. Nd5 Bxd5 18. exd5 Rfe8 19. Bf3 Bd6 20.
Qg5 Re5 21. Qh4 Rde8 22. Nd2 Qc7 23. Nc4 R5e7 24. Nxd6 Qxd6 25. Qd4 b5 26.
b3 Rc7 27. c4 bxc4 28. bxc4 Rc5 29. Bg4 Nxg4 30. Qxg4 f6 31. Rfe1 Re5 32.
Rxe5 fxe5 33. Qe6 Qd8 34. d6 h6 35. d7 Kh7 36. Qe8 Rc8 37. Qxd8 Rxd8 38. c5
e4 39. c6 e3 40. c7 e2 41. Re1 Rf8 42. Kg1 Rf1+ 43. Rxf1 exf1=Q+ 44. Kxf1 h5
45. d8=Q Kh6 46. c8=Q a5 47. Qe6+ Kh7 48. Qdg8# {Black checkmated} 1-0

[Event "ICC tourney 2150 (70 10)"]
[Site "Internet Chess Club"]
[Date "2020.11.21"]
[Round "1"]
[White "zhang01"]
[Black "sujashankar"]
[Result "1-0"]
[ICCResult "Black checkmated"]
[WhiteElo "1626"]
[BlackElo "1690"]
[Opening "Sicilian: Smith-Morra gambit"]
[ECO "B21"]
[NIC "SI.48"]
[Time "12:42:09"]
[TimeControl "4200+10"]

1. e4 c5 2. d4 cxd4 3. c3 dxc3 4. Nxc3 Nc6 5. Nf3 g6 6. Bc4 Bg7 7. Bd2 e6 8.
O-O Nge7 9. a3 O-O 10. Re1 a6 11. Qc2 d5 12. Ba2 d4 13. Na4 Bd7 14. Nc5 b6
15. Nd3 Rc8 16. Qb3 b5 17. Nc5 Nb8 18. Rac1 Re8 19. Nxd7 Qxd7 20. Rxc8 Rxc8
21. h3 Nbc6 22. Rc1 Nd8 23. Qd1 Nb7 24. Bg5 Rxc1 25. Qxc1 Qc6 26. Qd2 Nc8
27. e5 Qe4 28. Qc1 Na7 29. Qc7 Qc6 30. Qb8+ Nc8 31. Nxd4 Qd7 32. Be3 Nc5 33.
Nxb5 axb5 34. Bxc5 Qc6 35. Be3 h5 36. Bb3 Kh7 37. Bd1 Qc4 38. f4 Qd3 39. Kf2
Qxd1 40. Qxc8 Qb1 41. Qc1 Qf5 42. Qc5 g5 43. Qd4 Bh6 44. Kf3 h4 45. Qe4
Qxe4+ 46. Kxe4 Bf8 47. fxg5 Kg6 48. Kf3 Kf5 49. Bf4 Be7 50. g4+ hxg3 51.
Kxg3 Bc5 52. h4 b4 53. a4 b3 54. h5 Bb4 55. h6 Kg6 56. Kg4 Be1 57. Kf3 Bc3
58. Bc1 Bxe5 59. a5 Bd4 60. a6 Ba7 61. Be3 Bb8 62. a7 Bxa7 63. Bxa7 f6 64.
gxf6 Kxf6 65. Bd4+ Kg6 66. Be3 Kh7 67. Ke4 Kg6 68. Kd3 Kh7 69. Kc3 Kg6 70.
Kxb3 e5 71. Kc3 e4 72. Kd4 Kh7 73. b4 Kg6 74. b5 Kh7 75. b6 Kg6 76. b7 Kh7
77. b8=Q Kg6 78. Qe8+ Kf5 79. Qe7 Kg4 80. Qg5+ Kf3 81. Qf4+ Kg2 82. h7 Kh3
83. h8=Q+ Kg2 84. Qhh2# {Black checkmated} 1-0

[Event "ICC tourney 2150 (70 10)"]
[Site "Internet Chess Club"]
[Date "2020.11.21"]
[Round "1"]
[White "Josiah729"]
[Black "Jjornelas"]
[Result "1-0"]
[ICCResult "Black resigns"]
[WhiteElo "1442"]
[BlackElo "1585"]
[Opening "Sicilian: Sozin attack"]
[ECO "B86"]
[NIC "SI.19"]
[Time "12:42:10"]
[TimeControl "4200+10"]

1. e4 c5 2. Nf3 d6 3. d4 cxd4 4. Nxd4 Nf6 5. Nc3 e6 6. Bc4 Be7 7. f4 a6 8.
e5 dxe5 9. fxe5 Nd5 10. Nxd5 exd5 11. Bb3 Nc6 12. Bf4 O-O 13. Ne2 d4 14. O-O
Bg4 15. a3 Bc5 16. Kh1 Qe7 17. Qd2 b5 18. Rae1 Bb6 19. Bd5 Rac8 20. Ng3 Qc5
21. Be4 Rfe8 22. h3 Bd7 23. Qe2 Bc7 24. Qh5 g6 25. Qf3 Nxe5 26. Bxe5 Bxe5
27. Qxf7+ Kh8 28. Qxd7 Bxg3 29. Rf7 Qh5 30. Ref1 Be5 31. Bb7 Rcd8 32. Qc6
Qh4 33. Qf3 Bd6 34. Bxa6 Be7 35. Bxb5 Rf8 36. Qe2 Rxf7 37. Rxf7 Bd6 38. Qe6
Qh6 39. Qf6+ Kg8 40. Qxd8+ Kxf7 41. Qxd6 Qc1+ 42. Kh2 Qxc2 43. Qf4+ Ke6 44.
Qg4+ Kd5 45. Qf3+ Ke5 46. Qe2+ Qxe2 47. Bxe2 Ke4 48. Kg1 Ke3 49. Kf1 d3 50.
Bxd3 Kxd3 51. Kf2 Kc4 52. Kf3 Kb3 53. Kg4 Kxb2 54. a4 {Black resigns} 1-0

[Event "ICC tourney 2150 (70 10)"]
[Site "Internet Chess Club"]
[Date "2020.11.21"]
[Round "1"]
[White "Major606"]
[Black "cayo89"]
[Result "1-0"]
[ICCResult "Black resigns"]
[WhiteElo "1521"]
[BlackElo "1591"]
[Opening "Old Indian defense"]
[ECO "A54"]
[NIC "OI.03"]
[Time "12:42:58"]
[TimeControl "4200+10"]

1. d4 d6 2. c4 Nf6 3. Nc3 Nbd7 4. Nf3 e5 5. Bg5 Be7 6. e3 c6 7. Bd3 O-O 8.
O-O Re8 9. Qc2 h6 10. Bxf6 Bxf6 11. Rad1 Qc7 12. Ne4 Be7 13. Ng3 Nf6 14. Nd2
exd4 15. exd4 d5 16. b3 Bg4 17. f3 Be6 18. c5 b6 19. b4 bxc5 20. bxc5 Rab8
21. Rfe1 Bf8 22. Rb1 h5 23. Nf5 Qf4 24. Nb3 g6 25. Ng3 h4 26. Ne2 Qg5 27.
Qc1 Qxc1 28. Rexc1 Bh6 29. f4 Bg4 30. Re1 Bxe2 31. Rxe2 Rxe2 32. Bxe2 Bxf4
33. Rd1 Ne4 34. Bf3 Nc3 35. Re1 Nxa2 36. Na5 Rc8 37. Nxc6 Rxc6 38. Bxd5 Rc8
39. Bxa2 Kf8 40. Kf2 Bxh2 41. Kf3 Bg3 42. Rd1 Ke7 43. Ke4 f5+ 44. Kd5 f4 45.
Ke4 h3 46. gxh3 Kf6 47. Rc1 Re8+ 48. Kd5 f3 49. c6 f2 50. Bc4 Re1 51. Rc3
f1=Q 52. Bxf1 Rxf1 53. Rxg3 Rf5+ 54. Kd6 {Black resigns} 1-0

[Event "ICC tourney 2150 (70 10)"]
[Site "Internet Chess Club"]
[Date "2020.11.21"]
[Round "1"]
[White "queenless"]
[Black "uzkuzk"]
[Result "1/2-1/2"]
[ICCResult "Game drawn by mutual agreement"]
[WhiteElo "1612"]
[BlackElo "1425"]
[Opening "Queen's pawn game, Darooha variation "]
[ECO "D02"]
[NIC "QP.08"]
[Time "12:42:09"]
[TimeControl "4200+10"]

1. d4 d5 2. Nf3 Nf6 3. g3 c5 4. e3 Nc6 5. Bg2 Bg4 6. b3 cxd4 7. exd4 e6 8.
a3 Be7 9. O-O O-O 10. Bb2 Rc8 11. Nbd2 Re8 12. Re1 Bh5 13. Rc1 h6 14. c4 Nd7
15. b4 dxc4 16. Nxc4 Nf6 17. Nce5 Nxe5 18. dxe5 Nd5 19. Rxc8 Qxc8 20. Qc1
Qd7 21. Qa1 Rc8 22. Rc1 Nb6 23. Rxc8+ Qxc8 24. Bd4 Qc2 25. Ne1 Qa4 26. Nd3
Qd7 27. Nc5 Bxc5 28. Bxc5 Nc4 29. Qd4 Qxd4 30. Bxd4 b5 31. f4 Nxa3 32. Bxa7
Bd1 33. Be4 Ba4 34. Bc5 Bc2 35. Bxc2 Nxc2 36. Kf2 g5 37. Kf3 Ne1+ 38. Ke2
Nc2 39. fxg5 hxg5 40. g4 Kg7 41. Kd2 Na3 42. Kd3 Nc4 43. Bd4 Kg6 44. Ba1 Nb6
45. Bd4 Nd7 46. Ke4 Kg7 47. h3 Kg6 48. Bc5 Kg7 49. Be7 Kg6 50. Kd4 Kh6 51.
Bc5 Kg6 52. Ke4 {Game drawn by mutual agreement} 1/2-1/2

[Event "ICC tourney 2150 (70 10)"]
[Site "Internet Chess Club"]
[Date "2020.11.21"]
[Round "1"]
[White "prabp"]
[Black "MariusC"]
[Result "0-1"]
[ICCResult "White checkmated"]
[WhiteElo "1468"]
[BlackElo "1473"]
[Opening "Queen's pawn, Mason variation"]
[ECO "D00"]
[NIC "QP.08"]
[Time "12:42:14"]
[TimeControl "4200+10"]

1. d4 d5 2. Bf4 Nf6 3. e3 e6 4. c3 Bd6 5. Bg3 b6 6. Nd2 Bb7 7. Ngf3 Qe7 8.
Bd3 Nbd7 9. Ne5 Bxe5 10. Bxe5 Nxe5 11. dxe5 Nd7 12. Nf3 Nc5 13. Nd4 Qg5 14.
Bb5+ Kd8 15. Qf3 Qg6 16. h4 h5 17. Rh3 Rf8 18. Rg3 Qe4 19. b4 Nd3+ 20. Bxd3
Qxd3 21. Nxe6+ Ke7 22. Rc1 Kxe6 23. Rxg7 Qf5 24. Qxf5+ Kxf5 25. Rg5+ Ke6 26.
Rxh5 Rh8 27. Rxh8 Rxh8 28. g3 Kxe5 29. Rd1 f5 30. Ke2 Ba6+ 31. Kf3 Bc4 32.
Ra1 a6 33. a4 b5 34. axb5 Bxb5 35. Rd1 Be8 36. Ra1 Bh5+ 37. Kg2 Ra8 38. Ra5
c6 39. Rc5 Kd6 40. f3 a5 41. e4 fxe4 42. fxe4 axb4 43. cxb4 Rb8 44. exd5
cxd5 45. Ra5 Rxb4 46. Ra6+ Ke5 47. Rh6 Bg4 48. Rg6 Rb2+ 49. Kg1 Bf5 50. Rg5
Kf6 51. Rg8 d4 52. Rd8 d3 53. Rf8+ Kg6 54. Rg8+ Kf7 55. Rg5 Kf6 56. Kf1 d2
57. Ke2 Be4 58. Rc5 Bf3+ 59. Kxf3 d1=Q+ 60. Kf4 Rf2+ 61. Ke4 Qf3+ 62. Kd4
Rd2+ 63. Kc4 Qd3+ 64. Kb4 Rb2+ 65. Ka4 Qa6+ 66. Ra5 Qc4+ 67. Ka3 Qb3#
{White checkmated}
0-1